 Dungeon Crawl Stone Soup version 0.27.1-33-g824d729ab1 (webtiles) character file.

Game seed: 1452620486825152120

443 MisterFreud the Fighter (level 6, -7/61 HPs)
             Began as a Minotaur Abyssal Knight on Nov 28, 2021.
             Was a Priest of Lugonu.
             Mangled by an ogre (25 damage)
             ... on level 5 of the Dungeon.
             The game lasted 00:03:17 (3984 turns).

MisterFreud the Fighter (Minotaur Abyssal Knight)   Turns: 3984, Time: 00:03:18

Health: -7/61      AC:  6    Str: 18    XL:     6   Next: 71%
Magic:  6/6        EV:  9    Int:  9    God:    Lugonu [***...]
Gold:   235        SH:  9    Dex: 10    Spells: 5/5 levels left

rFire    + . .     SeeInvis .   a - +1 falchion
rCold    . . .     Faith    .   s - +0 kite shield
rNeg     . . .     Spirit   .   b - +0 leather armour
rPois    +         Reflect  .   (helmet restricted)
rElec    .         Harm     .   (no cloak)
rCorr    .         Rampage  .   (no gloves)
Will     .....                  p - +2 pair of boots
Stlth    +.........             (no amulet)
HPRegen  0.20/turn              m - ring of protection from fire
MPRegen  0.10/turn              c - ring of poison resistance

@: no status effects
A: horns 2, retaliatory headbutt
a: Renounce Religion, Depart the Abyss, Bend Space, Banish


You were on level 5 of the Dungeon.
You worshipped Lugonu.
Lugonu was most pleased with you.
You visited 1 branch of the dungeon, and saw 5 of its levels.
You visited the Abyss 1 time.

You collected 235 gold pieces.

Inventory:

Hand Weapons
 a - a +1 falchion (weapon)
Missiles
 q - 5 javelins
 r - 16 poisoned darts (quivered)
 w - 5 boomerangs
Armour
 b - a +0 leather armour (worn)
 p - a +2 pair of boots (worn)
 s - a +0 kite shield (worn)
Jewellery
 c - a ring of poison resistance (right hand)
 m - a ring of protection from fire (left hand)
Wands
 f - a wand of paralysis (4)
 t - a wand of acid (6)
Scrolls
 d - a scroll of magic mapping {unknown}
 g - 3 scrolls of identify {unknown}
 h - 2 scrolls of fear {unknown}
 i - a scroll of enchant weapon {unknown}
 k - a scroll of vulnerability {unknown}
 l - a scroll of amnesia {unknown}
 o - 3 scrolls of teleportation {unknown}
 u - a scroll of enchant armour {unknown}
 x - a scroll of silence {unknown}
Potions
 e - 2 potions of brilliance {unknown}
 j - a potion of magic {unknown}
 n - 2 potions of heal wounds {unknown}
 v - a potion of haste {unknown}


   Skills:
 - Level 8.0 Fighting
 - Level 2.4 Long Blades
 - Level 2.4 Armour
 - Level 1.1 Dodging
 + Level 4.3 Shields
 - Level 1.7 Invocations


You had 5 spell levels left.
You didn't know any spells.
Your spell library contained the following spells:

 Spells                   Type           Power      Damage    Failure   Level
 Corpse Rot               Necr/Air       N/A        N/A       96%         2
 Poisonous Vapours        Pois/Air       0%         N/A       96%         2
 Static Discharge         Conj/Air       0%         N/A       96%         2
 Conjure Flame            Conj/Fire      0%         6-21      99%         3
 Ignite Poison            Fire/Tmut/Pois 0%         N/A       99%         3
 Dispel Undead            Necr           0%         3d6       100%        4
 Sticky Flame             Conj/Fire      0%         2d3       100%        4
 Freezing Cloud           Conj/Ice/Air   0%         6-21      100%        5
 Lightning Bolt           Conj/Air       0%         1d11      100%        5
 Death Channel            Necr           0%         N/A       100%        6
 Maxwell's Capacitive Co  Air            0%         ∞         100%        8


Dungeon Overview and Level Annotations

Branches:
Dungeon (5/15)
 Temple: D:4-7

Altars:
Fedhas
Qazlal


Innate Abilities, Weirdness & Mutations

You have a pair of horns on your head.
You reflexively headbutt those who attack you in melee.


Message History

You open the door.
A quokka and an ogre come into view.
The ogre shouts!
Found a fizzy inky potion.
There are monsters nearby!
There are monsters nearby!
There are monsters nearby!
The quokka barely misses you.
There is an open door here.
You hit the ogre.
The ogre is lightly wounded.
You block the quokka's attack. You block the ogre's attack.
The quokka bites you.
Throw: 17 darts (poison)
Press: ? - help, Q - select action, (/) - cycle Shift-Dir - straight line, f - ogre
Aim: an ogre, wielding a +0 giant club (lightly wounded, 75% to hit)
You throw a poisoned dart. The poisoned dart hits the ogre.
The ogre is poisoned.
The ogre is lightly wounded.
The ogre hits you with a +0 giant club!!
Unknown command.
You hit the ogre.
The ogre is lightly wounded.
The ogre barely misses you.
You barely miss the ogre.
The ogre is lightly wounded.
The ogre completely misses you. You furiously retaliate!
You headbutt the ogre.
You riposte.
You hit the ogre.
The ogre is moderately wounded.
You hit the ogre.
The ogre is severely wounded.
The ogre looks more healthy.
The ogre barely misses you.
You hit the ogre.
The ogre is severely wounded.
The ogre hits you with a +0 giant club!
* * * LOW HITPOINT WARNING * * *
Your shield prevents you from hitting the ogre.
The ogre is severely wounded.
The ogre hits you with a +0 giant club!!
You die...

#.......# ##.......##
#.......###.........#
#.....[...+.........+
#.......###.........#
#.......# #.......#
####.#### #!....# #.#
#.r.# #.# #O# #.# #@#
#.##########.##
#.<...........#
######.###....## #[#
#.....# #)# #....##
#.# #.#..##########
#.# #.##.#.........
#.# #......########


You could see an ogre and a quokka.

Vanquished Creatures
  A black bear (D:5)
  An ogre (D:5)
  An orc priest (D:4)
  2 iguanas (D:4)
  An orc wizard (D:5)
  2 hound skeletons (D:4)
  4 adders
  An adder zombie (D:5)
  6 dart slugs
  13 orcs
  8 ball pythons
  4 bats
  7 endoplasms
  A giant cockroach (D:3)
  9 goblins
  4 hobgoblins
  3 jackals (D:1)
  2 quokkas
  6 frilled lizards
  3 kobolds
  2 rats
81 creatures vanquished.

Notes
Turn   | Place    | Note
-------+----------+-------------------------------------------
     0 | Abyss:1  | MisterFreud the Minotaur Abyssal Knight began the quest for
                  | the Orb.
     0 | Abyss:1  | Reached XP level 1. HP: 19/19 MP: 1/1
    24 | D:1      | Escaped the Abyss
   157 | D:1      | Reached skill level 4 in Fighting
   202 | D:1      | You fall into a shaft and drop 1 floor!
   312 | D:2      | Reached XP level 2. HP: 28/28 MP: 2/2
   647 | D:1      | Reached ** piety under Lugonu
   723 | D:1      | Reached skill level 5 in Fighting
   859 | D:1      | Reached XP level 3. HP: 36/36 MP: 3/3
  1194 | D:2      | Found a stormy altar of Qazlal.
  1512 | D:2      | Found a faded altar of an unknown god.
  2086 | D:3      | Reached skill level 6 in Fighting
  2086 | D:3      | Reached XP level 4. HP: 44/44 MP: 4/4
  2131 | D:3      | Found a blossoming altar of Fedhas.
  2712 | D:4      | Reached *** piety under Lugonu
  2713 | D:4      | Reached XP level 5. HP: 37/51 MP: 5/5
  2828 | D:4      | Reached skill level 7 in Fighting
  3297 | D:5      | Entered Level 5 of the Dungeon
  3308 | D:5      | Noticed an ogre
  3315 | D:5      | HP: 1/53 [ogre (20)]
  3316 | D:5      | Killed an ogre
  3317 | D:5      | Reached skill level 8 in Fighting
  3317 | D:5      | Reached XP level 6. HP: 2/61 MP: 6/6
  3984 | D:5      | Mangled by an ogre

Illustrated notes

Levels and vault maps discovered:
D:1:      evilmike_arrival_rings, layout_basic, serial_aquarium,
          aquarium_bridge_long_joined [aquarium_subvault_window,
          aquarium_subvault_bridge, aquarium_subvault_window,
          aquarium_subvault_balcony, aquarium_subvault_bridge,
          aquarium_subvault_window], aquarium_window_2, aquarium_window_1,
          aquarium_window_1, aquarium_window_fake, aquarium_view_2f,
          aquarium_pool_2
D:2:      layout_loops_cross, basic_altar,
          shapermc_ecumenical_altar_totnotflames
D:3:      layout_loops_ring, mainiacjoe_overflow_six_doors_small
D:4:      layout_basic
D:5:      layout_loops_corners, uniq_eustachio

Skill      XL: |  1  2  3  4  5  6 |
---------------+-------------------+-----
Fighting       | 4 5 6 8 |  8.0
Shields        | 2 4 |  4.3
Long Blades    | |  2.4
Armour         | |  2.4
Dodging        | |  1.1
Invocations    | |  1.7

Action                   |  1- 3 |  4- 6 || total
-------------------------+-------+-------++-------
Melee: Falchion          |    72 |   101 ||   173
       Headbutt          |    11 |    23 ||    34
Throw: Dart              |       |     5 ||     5
Armor: Leather armour    |    19 |    31 ||    50
Dodge: Dodged            |    49 |    46 ||    95
Block: Kite shield       |       |    11 ||    11
       Rpst.: Falchion   |    13 |    10 ||    23
